 Dungeon Crawl Stone Soup version 0.29-a0-1008-g949cc1d0fb (webtiles) character file.

Game seed: 438476156877391950

9 vurker the Shooter (level 2, 25/25 HPs)
             Began as a Minotaur Hunter on Aug 7, 2022.
             Was a Follower of Elyvilon.
             Quit the game on level 1 of the Dungeon.
             The game lasted 00:00:23 (341 turns).

vurker the Shooter (Minotaur Hunter)                 Turns: 341, Time: 00:00:24

Health: 25/25      AC:  3    Str: 15    XL:     2   Next: 6%
Magic:  1/1        EV: 12    Int:  6    God:    Elyvilon [*.....]
Gold:   8          SH:  0    Dex: 13    Spells: 1/1 levels left

rFire   . . .      SeeInvis .   a - +0 shortbow
rCold   . . .      Faith    .   (shield currently unavailable)
rNeg    . . .      Spirit   .   c - +0 leather armour
rPois   .          Reflect  .   (helmet restricted)
rElec   .          Harm     .   (no cloak)
rCorr   .          Rampage  .   (no gloves)
Will    .....                   (no boots)
Stlth   +.........              (no amulet)
HPRegen 0.08/turn               (no ring)
MPRegen 0.07/turn               (no ring)

@: no status effects
A: horns 2, retaliatory headbutt
a: Renounce Religion, Purification


You were on level 1 of the Dungeon.
You worshipped Elyvilon.
Elyvilon was aware of your devotion.
You visited 1 branch of the dungeon, and saw 1 of its levels.

You collected 8 gold pieces.

Inventory:

Hand Weapons
 a - a +0 shortbow (weapon)
Armour
 c - a +0 leather armour (worn)
Scrolls
 b - a scroll of immolation
 e - a scroll of fear {unknown}
 g - 2 scrolls of identify {unknown}
Potions
 d - a potion of might {unknown}
 f - a potion of curing {unknown}


   Skills:
 + Level 2.7 Fighting
 * Level 4.8 Ranged Weapons
 - Level 2.1 Dodging
 - Level 0.7 Stealth


You had one spell level left.
You didn't know any spells.
Your spell library was empty.

Dungeon Overview and Level Annotations

Branches:
Dungeon (1/15)

Altars:
Elyvilon


Innate Abilities, Weirdness & Mutations

You have a pair of horns on your head.
You reflexively headbutt those who attack you in melee.


Message History

No target in view!
Found a stone staircase leading down.
No target in view!
A goblin and a kobold come into view.
You shoot an arrow. The arrow hits the goblin!
You kill the goblin!
The kobold shouts!
You hear a shout!
A kobold is nearby!
You shoot an arrow. The arrow closely misses the kobold.
A kobold is nearby!
A kobold is nearby!
You shoot an arrow.
The arrow hits the kobold but does no damage.
A kobold comes into view. It is wielding a +0 short sword.
There are monsters nearby!
You shoot an arrow. The arrow closely misses the kobold.
There are monsters nearby!
You shoot an arrow. The arrow barely misses the kobold.
The kobold hits you with a +0 whip.
A kobold comes into view. It is wielding a +0 short sword.
There are monsters nearby!
You shoot an arrow. The arrow closely misses the kobold.
The kobold shouts!
The kobold hits you with a +0 whip.
You shoot an arrow. The arrow hits the kobold.
The kobold closely misses you.
You shoot an arrow. The arrow closely misses the kobold.
The kobold hits you but does no damage. The kobold barely misses you.
You furiously retaliate!
You headbutt the kobold!
You kill the kobold!
The kobold attacks as you move away! The kobold barely misses you.
You furiously retaliate!
You headbutt the kobold.
You kill the kobold!
You have reached level 2!
You shoot an arrow. The arrow barely misses the kobold.
The kobold throws a stone.
The stone completely misses you.
You shoot an arrow. The arrow hits the kobold.
The kobold throws a stone.
The stone closely misses you.
You shoot an arrow. The arrow hits the kobold!
You kill the kobold!
No target in view!
No target in view!
Items here: ( )) †.
g - 2 scrolls labelled DOFIEDGHUTOR (gained 1) Search for what [? for help]? altar
Items here: ( )) †.
There is a faded altar of an unknown god here.
You cannot tell which god this altar belongs to.
Convert to them anyway?
Elyvilon accepts your prayer! Elyvilon welcomes you!
You can now purify yourself.

#.#.##.###.......#.....#
#...##.......#########.#
##.####.######### ####.####
##......#.......####.......#
##......#.......##P#######.#
......#.#.......#P..####...#
...#....÷......##...P#P.P..#
.#.#..#.#......#♣.P~.##.#..#
.#......#......#@.~~..#.##.#
.#.#..###......#♣[PP.#.P#..#
......# #########...P#P#####
......# #####P..#### ##...##
#...##P## #.### #....#####.#
#.# #.##.......#
#.##########.##.#.#####
#.>...............#


There were no monsters in sight!

Vanquished Creatures
  A goblin (D:1)
  3 kobolds (D:1)
  2 quokkas (D:1)
  A frilled lizard (D:1)
  A rat (D:1)
8 creatures vanquished.

Notes
Turn   | Place    | Note
-------+----------+-------------------------------------------
     0 | D:1      | vurker the Minotaur Hunter began the quest for the Orb.
     0 | D:1      | Reached XP level 1. HP: 18/18 MP: 0/0
   120 | D:1      | Found a faded altar of an unknown god.
   186 | D:1      | Reached XP level 2. HP: 17/25 MP: 1/1
   340 | D:1      | Prayed at the altar of an unknown god.
   340 | D:1      | Became a worshipper of Elyvilon the Healer
   340 | D:1      | Reached * piety under Elyvilon
   341 | D:1      | Quit the game

Illustrated notes

Levels and vault maps discovered:
D:1:      lemuel_arrival_behind_the_door_large, layout_loops_cross,
          dreamdust_ecumenical_altar_hidden_monk_grotto, st_stairs_11,
          dreamdust_wishing_well, minmay_misc_feat_pillars, minivault_23

Action                   || total
-------------------------++-------
 Fire: Shortbow          ||    20
Armor: Leather armour    ||     2
Dodge: Dodged            ||     6

Table legend: (Time is in decaauts)
 A = Elapsed time spent in this place.
 B = Non-inter-level travel time spent in this place.
 C = Inter-level travel time spent in this place.
 D = Time resting spent in this place.
 E = Time spent auto-exploring this place.
 F = Levels seen in this place.
 G = Mean time per level.
                   A        B        C        D        E       F      G
               +--------+--------+--------+--------+--------+-----+--------+
         Total |    347 |    295 |     52 |      0 |    245 |   1 |  347.0 |
       Dungeon |    347 |    295 |     52 |      0 |    245 |   1 |  347.0 |
               +--------+--------+--------+--------+--------+-----+--------+

Top non-repeatable levels by time:
     D:1: 347 daAuts
